 Dungeon Crawl Stone Soup version 0.23.2-40-g277498a001 (webtiles) character file.

Game seed: 12699906381259848036

648 FishyPogo the Digger (level 7, -1/50 HPs)
             Began as a Yellow Draconian Earth Elementalist on Sept 5, 2019.
             Was a Believer of Vehumet.
             Slain by a gnoll (5 damage)
             ... on level 5 of the Dungeon on Sept 6, 2019.
             The game lasted 00:21:25 (3627 turns).

FishyPogo the Digger (DrEE)                         Turns: 3627, Time: 00:21:26

Health: -1/50      AC:  6    Str: 11    XL:     7   Next: 27%
Magic:  1/12       EV: 13    Int: 17    God:    Vehumet [**....]
Gold:   211        SH:  0    Dex: 11    Spells: 5/13 levels left

rFire    . . .     SeeInvis .   v - +2 trident (pain)
rCold    . . .     Gourm    .   (no shield)
rNeg     . . .     Faith    .   (armour unavailable)
rPois    .         Spirit   .   (helmet restricted)
rElec    .         Reflect  .   (no cloak)
rCorr    +         Harm     .   (no gloves)
MR       .....                  (no boots)
Stlth    ++........             (no amulet)
HPRegen  0.16/turn              (no ring)
MPRegen  0.13/turn              (no ring)

@: short of breath, very slightly contaminated
A: spit acid, unfitting armour, cold-blooded, acid resistance, AC +6
a: Breathe Acid, Renounce Religion


You were on level 5 of the Dungeon.
You worshipped Vehumet.
Vehumet was pleased with you.
You were hungry.

You visited 1 branch of the dungeon, and saw 5 of its levels.

You collected 211 gold pieces.

Inventory:

Hand Weapons
 a - a +0 club
 v - a +2 trident of pain (weapon)
Missiles
 b - 59 stones (quivered)
Armour
 j - a +0 shield
Wands
 n - a wand of flame (32)
 u - a wand of random effects (12)
Scrolls
 e - 3 scrolls of identify {unknown}
 f - 2 scrolls of fear {unknown}
 g - a scroll of enchant weapon {unknown}
 i - 2 scrolls of enchant armour {unknown}
 k - 3 scrolls of magic mapping {unknown}
 m - 3 scrolls of teleportation {unknown}
 o - a scroll of noise {unknown}
 q - 2 scrolls of remove curse {unknown}
 r - a scroll of random uselessness {unknown}
 s - a scroll of amnesia {unknown}
 w - a scroll of blinking {unknown}
Potions
 d - a potion of ambrosia {unknown}
 h - a potion of resistance
 l - 2 potions of heal wounds
 p - a potion of magic
 t - a potion of lignification {unknown}
Comestibles
 c - 6 rations


   Skills:
 + Level 3.6 Dodging
 - Level 2.0 Stealth
 + Level 3.2 Shields
 + Level 3.6 Spellcasting
 - Level 1.0 Transmutations
 * Level 5.8 Earth Magic


You had 5 spell levels left.
You knew the following spells:

 Your Spells              Type           Power        Failure   Level  Hunger
a - Sandblast             Erth           ###...       1%          1    None
b - Passwall              Tmut/Erth      ##......     6%          2    ##.....
c - Stone Arrow           Conj/Erth      ##....       16%         3    ###....
d - Sting                 Conj/Pois      #...         16%         1    None
e - Freeze                Ice            #...         16%         1    None

Your spell library contained the following spells:

 Spells                   Type           Power        Failure   Level  Hunger
 Petrify                  Tmut/Erth      ##......     38%         4    ####...
 Lee's Rapid Deconstruct  Erth           ###.......   38%         5    ######.


Dungeon Overview and Level Annotations

Branches:
Dungeon (5/15)
 Temple: D:4-7

Altars:
Dithmenos
Hepliaklqana
Vehumet
Wu Jian

Annotations:
D:3 1 runed translucent door, Crazy Yiuf


Innate Abilities, Weirdness & Mutations

You can spit globs of acid.
Your golden yellow scales are hard. (AC +6)
You cannot fit into any form of body armour.
You are cold-blooded and may be slowed by cold attacks.
You are resistant to acid. (rCorr)


Message History

The orc wizard is heavily wounded.
b - 59 stones The orc wizard shouts!
The orc wizard hits you but does no damage.
A gnoll comes into view. It is wielding a +0 spear.
The gnoll hits you.
* * * LOW HITPOINT WARNING * * *
You closely miss the orc wizard.
The orc wizard is heavily wounded.
The orc wizard hits you but does no damage.
The gnoll hits you.
* * * LOW HITPOINT WARNING * * *
The orc wizard hits you but does no damage.
You barely miss the orc wizard.
The orc wizard is heavily wounded.
The gnoll hits you.
* * * LOW HITPOINT WARNING * * *
The orc wizard hits you but does no damage.
The gnoll hits you.
You die...

#. ...... #.
.....# #. .....#
#.#######..>..#
.# #............
oo.##>...g.....#
#..<.g....go.#
'..#....).o@..#
#...?.........#
#.###.........#
#.........#
............#
.8#8.........#
..#?#.#########
..8#8. .....


You could see 2 orc wizards and 3 gnolls.

Vanquished Creatures
  An ogre (D:4)
  2 scorpions
  2 hounds (D:4)
  2 orc priests
  An iguana (D:4)
  Terence (D:2)
  Natasha (twice) (D:2)
  4 worker ants
  7 adders
  A worm (D:4)
  2 dart slugs (D:2)
  3 leopard geckos
  9 orcs
  5 bats
  5 giant cockroaches
  3 hobgoblins
  6 jackals (D:2)
  A quokka (D:3)
  2 ball pythons
  3 frilled lizards
  10 goblins
  5 kobolds
  2 rats (D:2)
79 creatures vanquished.

Vanquished Creatures (others)
  An ice beast (D:5)
  Natasha (D:2)
  An orc (D:5)
3 creatures vanquished.

Grand Total: 82 creatures vanquished

Notes
Turn   | Place    | Note
-------+----------+-------------------------------------------
     0 | D:1      | FishyPogo the Draconian Earth Elementalist began the quest
                  | for the Orb.
     0 | D:1      | Reached XP level 1. HP: 14/14 MP: 3/3
   463 | D:1      | Reached XP level 2. HP: 12/20 MP: 1/5
   580 | D:1      | Learned a level 2 spell: Passwall
   744 | D:2      | Killed Natasha
   789 | D:2      | Found a radiant altar of Vehumet.
   800 | D:2      | Became a worshipper of Vehumet
   844 | D:2      | Noticed Natasha
   975 | D:2      | Reached skill level 1 in Shields
   975 | D:2      | Reached XP level 3. HP: 23/26 MP: 0/6
   980 | D:2      | Learned a level 3 spell: Stone Arrow
  1019 | D:2      | Found a hazy altar of Hepliaklqana.
  1050 | D:2      | Killed Natasha
  1072 | D:2      | Noticed Natasha
  1072 | D:2      | Noticed Terence
  1082 | D:2      | Killed Natasha
  1082 | D:2      | Reached XP level 4. HP: 33/33 MP: 1/7
  1094 | D:2      | Killed Terence
  1094 | D:2      | Reached skill level 4 in Earth Magic
  1363 | D:3      | Reached XP level 5. HP: 32/38 MP: 3/9
  1608 | D:3      | Found an ornate altar of the Wu Jian Council.
  1654 | D:3      | Reached * piety under Vehumet
  1654 | D:3      | Offered knowledge of Sting by Vehumet.
  1660 | D:3      | Learned a level 1 spell: Sting
  1839 | D:3      | Found a shadowy altar of Dithmenos.
  1957 | D:3      | Found a runed translucent door.
  1958 | D:3      | Noticed Crazy Yiuf
  2490 | D:4      | Reached XP level 6. HP: 18/45 MP: 0/10
  2777 | D:4      | Reached skill level 5 in Earth Magic
  3006 | D:5      | Entered Level 5 of the Dungeon
  3036 | D:5      | Killed an ice beast
  3240 | D:4      | Your scales start taking on a golden yellow colour.
  3240 | D:4      | Reached XP level 7. HP: 23/50 MP: 2/12
  3240 | D:4      | Gained mutation: You are resistant to acid. (rCorr) [Yellow
                  | Draconian growth]
  3321 | D:4      | Reached ** piety under Vehumet
  3401 | D:4      | Offered knowledge of Freeze by Vehumet.
  3404 | D:4      | Learned a level 1 spell: Freeze
  3627 | D:5      | Slain by a gnoll

Skill      XL: |  1  2  3  4  5  6 |
---------------+-------------------+-----
Stealth        | 2 |  2.0
Dodging        | 2 3 |  3.6
Shields        | 1 2 3 |  3.2
Earth Magic    | 4 5 |  5.8
Spellcasting   | 3 |  3.6
Transmutations | |  1.0

Action                   |  1- 3 |  4- 6 |  7- 9 || total
-------------------------+-------+-------+-------++-------
Melee: Club              |    32 |    36 |       ||    68
       Tailslap          |     2 |     7 |       ||     9
       Trident           |       |    51 |     4 ||    55
Throw: Stone             |     3 |     1 |       ||     4
 Cast: Sandblast         |    28 |    35 |     2 ||    65
       Stone Arrow       |     1 |    41 |     8 ||    50
 Abil: Breathe Acid      |       |       |     3 ||     3
  Use: Potion            |     3 |     1 |       ||     4
 Stab: Sleeping          |     2 |     5 |       ||     7
  Eat: Chunk             |     1 |    12 |     2 ||    15
Armor: Skin              |    12 |    31 |     8 ||    51
Dodge: Dodged            |    30 |    88 |    15 ||   133
